 Dungeon Crawl Stone Soup version 0.23.0 (webtiles) character file.

Game seed: 11042666410876851895

39832 Froggeryz the Severer (level 13, -2/116 HPs)
             Began as a Minotaur Fighter on Feb 10, 2019.
             Was the Champion of Okawaru.
             Slain by an orange demon (6 damage)
             ... led by a cacodemon
             ... on level 2 of the Abyss.
             The game lasted 00:34:37 (15149 turns).

Froggeryz the Severer (Minotaur Fighter)           Turns: 15149, Time: 00:34:38

Health: -2/116     AC: 18    Str: 31    XL:     13   Next: 71%
Magic:  16/16      EV: 13    Int:  5    God:    Okawaru [******]
Gold:   1331       SH:  0    Dex: 10    Spells: 12/12 levels left

rFire    . . .     SeeInvis +   m - +6 battleaxe (chop)
rCold    . . .     Gourm    .   (shield currently unavailable)
rNeg     . . .     Faith    .   B - +0 chain mail {rPois}
rPois    +         Spirit   .   M - +1 hat {SInv}
rElec    .         Reflect  .   u - +0 cloak
rCorr    .         Harm     .   x - +0 pair of gloves
MR       .....                  T - +0 pair of boots {Stlth+}
Stlth    ..........             g - amulet of rage
HPRegen  0.00/turn              R - +3 ring of protection
MPRegen  0.15/turn              S - +3 ring of slaying

@: mighty, non-regenerating, diseased, slowed, very slow
A: retaliatory headbutt, horns 2, deterioration 1, low mp 1
a: Heroism, Finesse, Renounce Religion, Evoke Berserk Rage


You were on level 2 of the Abyss.
You worshipped Okawaru.
Okawaru was exalted by your worship.
You were not hungry.

You visited 2 branches of the dungeon, and saw 14 of its levels.
You visited the Abyss 1 time.
You also visited: Ice Cave.

You collected 1367 gold pieces.
You spent 36 gold pieces at shops.

Inventory:

Hand Weapons
 m - a +6 battleaxe of chopping (weapon)
 F - a +3 scimitar of flaming
Missiles
 G - 10 javelins (quivered)
Armour
 c - a +0 shield
 n - the -3 pair of gloves of Leargh {Str+3 Slay+2, unknown}
   (Okawaru gifted it to you on level 2 of the Abyss)

   It affects your strength (+3).
   It affects your accuracy and damage with ranged weapons and melee attacks
   (+2).
 q - +0 ice dragon scales
 u - a +0 cloak (worn)
 x - a +0 pair of gloves (worn)
 B - a +0 chain mail of poison resistance (worn)
 M - a +1 hat of see invisible (worn)
 T - a +0 pair of boots of stealth (worn)
Jewellery
 g - an amulet of rage (around neck)
 z - a cursed +4 amulet of reflection
 E - an uncursed ring of fire
 N - an uncursed ring of poison resistance
 P - an uncursed ring of flight
 Q - a +3 ring of evasion
 R - a +3 ring of protection (left hand)
 S - a +3 ring of slaying (right hand)
Wands
 a - a wand of flame (20)
 b - a wand of random effects (30)
 i - a wand of acid (17)
 y - a wand of clouds (2)
 H - a wand of polymorph (6)
 U - a wand of scattershot (6)
 W - a wand of disintegration (18)
 Z - a wand of iceblast (4)
Scrolls
 e - 4 scrolls of enchant armour
 h - 3 scrolls of identify
 k - 4 scrolls of fog
 l - 9 scrolls of remove curse
 s - a scroll of summoning
 A - 3 scrolls of magic mapping
 D - a scroll of enchant weapon
 J - 4 scrolls of fear
 X - 2 scrolls of amnesia {unknown}
 Y - a scroll of blinking {unknown}
Potions
 j - 2 potions of curing
 K - a potion of ambrosia
 L - a potion of haste
Comestibles
 f - 25 rations


   Skills:
 - Level 11.0 Fighting
 * Level 19.5 Axes
 - Level 7.0 Armour
 + Level 9.5 Dodging
 - Level 3.6 Shields
 + Level 8.6 Evocations


You had 12 spell levels left.
You didn't know any spells.
Your spell library contained the following spells:

 Spells                   Type           Power        Failure   Level  Hunger
 Animate Skeleton         Necr           N/A          92%         1    ##.....
 Apportation              Tloc           #.....       92%         1    ##.....
 Confusing Touch          Hex            #.....       92%         1    ##.....
 Corona                   Hex            #......      92%         1    ##.....
 Magic Dart               Conj           #...         92%         1    ##.....
 Shock                    Conj/Air       #...         92%         1    ##.....
 Summon Butterflies       Summ           #.......     92%         1    ##.....
 Summon Small Mammal      Summ           #...         92%         1    ##.....
 Blink                    Tloc           N/A          98%         2    ###....
 Call Imp                 Summ           #.......     98%         2    ###....
 Searing Ray              Conj           #.....       98%         2    ###....
 Slow                     Hex            #.......     98%         2    ###....
 Swiftness                Chrm/Air       #.......     98%         2    ###....
 Throw Frost              Conj/Ice       #.....       98%         2    ###....
 Call Canine Familiar     Summ           #.......     100%        3    ####...
 Confuse                  Hex            #.......     100%        3    ####...
 Conjure Flame            Conj/Fire      #.......     100%        3    ####...
 Dazzling Spray           Conj/Hex       #.....       100%        3    ####...
 Gell's Gravitas          Tloc           #.........   100%        3    ####...
 Ignite Poison            Fire/Tmut/Pois #.......     100%        3    ####...
 Inner Flame              Hex/Fire       #.......     100%        3    ####...
 Mephitic Cloud           Conj/Pois/Air  #.......     100%        3    ####...
 Portal Projectile        Hex/Tloc       #.....       100%        3    ####...
 Static Discharge         Conj/Air       #.......     100%        3    ####...
 Airstrike                Air            #.........   100%        4    #####..
 Cause Fear               Hex            #.........   100%        4    #####..
 Force Lance              Conj/Tloc      #.......     100%        4    #####..
 Fulminant Prism          Conj/Hex       #.........   100%        4    #####..
 Iskenderun's Mystic Bla  Conj           #.......     100%        4    #####..
 Leda's Liquefaction      Hex/Erth       #.........   100%        4    #####..
 Petrify                  Tmut/Erth      #.......     100%        4    #####..
 Bolt of Magma            Conj/Fire/Erth #.........   100%        5    ######.
 Fireball                 Conj/Fire      #.........   100%        5    ######.
 Lightning Bolt           Conj/Air       #.........   100%        5    ######.
 Metabolic Englaciation   Hex/Ice        #.........   100%        5    ######.
 Silence                  Hex/Air        #.........   100%        5    ######.
 Yara's Violent Unravell  Hex/Tmut       #.........   100%        5    ######.
 Bolt of Fire             Conj/Fire      #.........   100%        6    #######
 Deflect Missiles         Chrm/Air       #.........   100%        6    #######
 Freezing Cloud           Conj/Ice/Air   #.........   100%        6    #######
 Ring of Flames           Chrm/Fire      #.........   100%        7    #######
 Summon Hydra             Summ           #.........   100%        7    #######
 Discord                  Hex            #.........   100%        8    #######
 Ignition                 Fire           #.........   100%        8    #######


Dungeon Overview and Level Annotations

Branches:
Dungeon (13/15)            Temple (0/1) D:6            Lair (1/6) D:11
    Orc (0/2) D:12
 Vaults: D:13-14

Altars:
Ashenzari
Cheibriados
Elyvilon
Hepliaklqana
Makhleb
Nemelex Xobeh
Okawaru
Qazlal
Ru
Sif Muna
Uskayaw
Vehumet
Wu Jian
Xom
The Shining One

Shops:
D:4 :*[   D:5 ?!

Annotations:
Lair:1 Sonja


Innate Abilities, Weirdness & Mutations

You reflexively headbutt those who attack you in melee.
You have a pair of horns on your head.
Your body sometimes deteriorates upon taking damage.
Your magical capacity is low. (-10% MP)


Message History

You feel ill. The cacodemon gestures at you.
Strange energies course through your body.
You feel yourself wasting away.
The orange demon stings you but does no damage.
You slice the cacodemon!!
You kill the cacodemon!
Okawaru is honoured by your kill.
You slash the raiju!
You kill the raiju!
Okawaru accepts your kill.
You slash the ancient zyme! The ancient zyme hits you!
* * * LOW HITPOINT WARNING * * *
The ancient zyme misses you. The orange demon misses you.
Unknown command.
You slice the ancient zyme!!
The ancient zyme is almost destroyed.
The ancient zyme hits you but does no damage.
The ancient zyme barely misses you. The orange demon stings you from afar.
You die...

.. .... . ...
.... ..# #.. #..#
.... #
#..##..##... #
.......[.. .# ...
... .4... ..#. ..
#.. #x§##. ... #
.. #.@†# .#.#
.......§†.....#
.................
##..##..##..#.. #
#. #..# ...#..#
.... ..... .... #
.. ####### .... #
..#.#. ..##


You could see an orange demon and an ancient zyme.

Vanquished Creatures
  A sphinx (D:12)
  A tentacled starspawn (Abyss:2)
  A cacodemon (Abyss:2)
  An ettin (D:12)
  2 ice dragons (IceCv)
  A hydra (Lair:1)
  Erica (D:8)
  A centaur warrior (D:12)
  3 two-headed ogres
  A deep troll earth mage (D:12)
  A hell hog (Abyss:2)
  4 skeletal warriors (D:12)
  A sixfirhy (Abyss:2)
  A swamp dragon (shapeshifter) (D:12)
  A salamander (shapeshifter) (Abyss:2)
  4 cyclopes
  A shadow dragon skeleton (Abyss:2)
  2 ugly things
  A black mamba (Lair:1)
  2 ice statues (IceCv)
  An orange demon (Abyss:2)
  A spiny frog (Lair:1)
  3 rime drakes
  A komodo dragon (D:12)
  A tormentor (Abyss:2)
  3 large abominations (Abyss:2)
  A meliai (shapeshifter) (D:13)
  2 tengu conjurers (D:11)
  3 trolls
  Prince Ribbit (D:8)
  2 hippogriffs
  A hornet (D:13)
  A hornet (shapeshifter) (D:12)
  7 slime creatures (D:13)
  3 raiju (Abyss:2)
  A ynoxinul (Abyss:2)
  A wyvern (D:8)
  33 yaks
  A wraith (D:11)
  A small abomination (Abyss:2)
  A steam dragon (D:7)
  2 water moccasins
  5 hell hounds (Abyss:2)
  2 porcupines
  5 orc warriors
  17 ice beasts
  A necrophage (D:12)
  3 ogres
  5 sky beasts
  A boggart (D:12)
  2 phantoms
  3 centaurs
  3 crocodiles
  A big kobold (D:7)
  15 bullfrogs
  5 scorpions
  A water moccasin skeleton (D:9)
  3 killer bees (D:13)
  8 wights
  3 howler monkeys
  4 crimson imps
  3 centaur skeletons
  4 hounds
  7 jellies
  5 orc priests
  Crazy Yiuf (D:3)
  2 bullfrog skeletons
  Ijyb (D:4)
  8 iguanas
  14 orc wizards
  11 worker ants
  A killer bee zombie (D:7)
  A worker ant zombie (D:9)
  Robin (D:2)
  A howler monkey zombie (D:8)
  15 adders
  5 gnolls
  3 shadow imps
  An ufetubus (Abyss:2)
  An adder zombie (D:7)
  5 oozes (D:8)
  2 adder skeletons
  2 dart slugs
  3 worms
  2 leopard geckos
  45 orcs
  3 ball pythons
  5 bats
  9 giant cockroaches
  14 goblins
  13 hobgoblins
  12 kobolds
  9 quokkas
  5 frilled lizards
  A quokka skeleton (D:7)
  A quokka zombie (D:8)
  6 rats
  A fungus (D:11)
412 creatures vanquished.

Vanquished Creatures (others)
  3 starspawn tentacles (Abyss:2)
3 creatures vanquished.

Grand Total: 415 creatures vanquished

Notes
Turn   | Place    | Note
-------+----------+-------------------------------------------
     0 | D:1      | Froggeryz the Minotaur Fighter began the quest for the Orb.
     0 | D:1      | Reached XP level 1. HP: 19/19 MP: 0/0
    21 | D:1      | Reached skill level 3 in Axes
    62 | D:1      | Reached XP level 2. HP: 21/27 MP: 1/1
   603 | D:2      | Noticed Robin
   608 | D:2      | Reached skill level 4 in Axes
   608 | D:2      | Reached skill level 1 in Evocations
   608 | D:2      | Reached XP level 3. HP: 21/33 MP: 2/2
   894 | D:2      | Reached XP level 4. HP: 41/41 MP: 3/3
   903 | D:2      | Killed Robin
  1022 | D:2      | Found a deep blue altar of Sif Muna.
  1438 | D:3      | Reached skill level 5 in Axes
  1438 | D:3      | Reached XP level 5. HP: 40/47 MP: 5/5
  1450 | D:3      | Found a sparkling altar of Nemelex Xobeh.
  1488 | D:3      | Found a sacrificial altar of Ru.
  1909 | D:3      | Reached skill level 5 in Fighting
  2330 | D:3      | Reached XP level 6. HP: 54/56 MP: 6/6
  2416 | D:3      | Found a runed translucent door.
  2417 | D:3      | Noticed Crazy Yiuf
  2424 | D:3      | Killed Crazy Yiuf
  2455 | D:3      | Reached skill level 6 in Axes
  2568 | D:4      | Found Kewainy's Armour Boutique.
  2627 | D:4      | Found a hide-covered altar of Uskayaw.
  2635 | D:4      | Noticed Ijyb
  2645 | D:4      | Killed Ijyb
  2696 | D:4      | Found a snail-covered altar of Cheibriados.
  2729 | D:4      | Found Katafuba's Assorted Antiques.
  2743 | D:4      | Bought a scroll labeled GASEIK MALACE for 18 gold pieces
  2743 | D:4      | Bought a scroll labeled UTU COESE BIUTH for 18 gold pieces
  2777 | D:4      | Found a stormy altar of Qazlal.
  2826 | D:4      | Reached XP level 7. HP: 62/62 MP: 8/8
  2842 | D:4      | Found Riafapipp's Book Shop.
  2847 | D:4      | Reached skill level 7 in Axes
  2998 | D:5      | Entered Level 5 of the Dungeon
  3091 | D:5      | Found Erghownui's Magic Scroll Shop.
  3155 | D:5      | Noticed a yak
  3155 | D:5      | Noticed a yak
  3156 | D:5      | Noticed a yak
  3156 | D:5      | Noticed a yak
  3156 | D:5      | Noticed a yak
  3166 | D:5      | Killed a yak
  3166 | D:5      | Reached skill level 8 in Axes
  3167 | D:5      | Killed a yak
  3169 | D:5      | Killed a yak
  3169 | D:5      | Reached skill level 9 in Axes
  3169 | D:5      | Reached XP level 8. HP: 51/73 MP: 9/9
  3421 | D:5      | Found Cown's Distillery.
  3428 | D:5      | Reached skill level 10 in Axes
  3512 | D:5      | Found a burning altar of Makhleb.
  3614 | D:5      | Found an iron altar of Okawaru.
  3627 | D:5      | Became a worshipper of Warmaster Okawaru
  3721 | D:6      | Found a staircase to the Ecumenical Temple.
  4137 | D:6      | Noticed a hippogriff
  4145 | D:6      | Killed a hippogriff
  4145 | D:6      | Reached skill level 11 in Axes
  4145 | D:6      | Reached XP level 9. HP: 80/82 MP: 10/10
  4398 | D:6      | Found a shimmering altar of Xom.
  4399 | D:6      | Found a shimmering altar of Xom.
  4400 | D:6      | Found a shimmering altar of Xom.
  4400 | D:6      | Found a shimmering altar of Xom.
  4409 | D:6      | Found a shimmering altar of Xom.
  4461 | D:6      | Found a shimmering altar of Xom.
  5148 | D:7      | Found a white marble altar of Elyvilon.
  5254 | D:7      | Found an ornate altar of the Wu Jian Council.
  5278 | D:7      | Reached * piety under Okawaru
  5427 | D:7      | Reached skill level 12 in Axes
  5814 | D:7      | Found a glowing golden altar of the Shining One.
  6009 | D:8      | Noticed Prince Ribbit
  6017 | D:8      | Killed Prince Ribbit
  6122 | D:8      | Reached ** piety under Okawaru
  6122 | D:8      | Reached skill level 10 in Fighting
  6122 | D:8      | Reached skill level 13 in Axes
  6214 | D:8      | Noticed Erica
  6221 | D:8      | Killed Erica
  6221 | D:8      | Reached *** piety under Okawaru
  6221 | D:8      | Reached XP level 10. HP: 65/94 MP: 11/11
  6742 | D:9      | Found a shimmering altar of Xom.
  6866 | D:9      | Identified a scroll of acquirement
  6883 | D:9      | Reached skill level 5 in Armour
  6898 | D:9      | Found a shattered altar of Ashenzari.
  6901 | D:9      | Found a sparkling altar of Nemelex Xobeh.
  6903 | D:9      | Found a hazy altar of Hepliaklqana.
  6938 | D:9      | Reached skill level 14 in Axes
  6940 | D:9      | Reached **** piety under Okawaru
  7970 | D:10     | Entered Level 10 of the Dungeon
  8212 | D:10     | Reached ***** piety under Okawaru
  8213 | D:10     | Reached skill level 15 in Axes
  8342 | D:10     | Reached XP level 11. HP: 72/102 MP: 12/12
  8375 | D:10     | Found a radiant altar of Vehumet.
  8702 | D:11     | Reached skill level 1 in Dodging
  8731 | D:11     | Found a staircase to the Lair.
  9057 | D:11     | Found a frozen archway.
  9060 | D:11     | Noticed a red ugly thing
  9064 | IceCv    | Entered an ice cave
  9221 | IceCv    | Received a gift from Okawaru
 10083 | IceCv    | Reached skill level 16 in Axes
 10373 | IceCv    | Noticed an ice dragon
 10373 | IceCv    | Noticed an ice dragon
 10381 | IceCv    | Killed an ice dragon
 10389 | IceCv    | Killed an ice dragon
 10389 | IceCv    | Reached skill level 5 in Evocations
 11206 | D:11     | Killed a red ugly thing
 11291 | D:11     | Noticed a two-headed ogre
 11298 | D:11     | Killed a two-headed ogre
 11298 | D:11     | Reached skill level 5 in Dodging
 11352 | D:11     | Reached XP level 12. HP: 73/110 MP: 15/15
 11673 | D:12     | Reached skill level 17 in Axes
 12092 | D:12     | Received a gift from Okawaru
 12321 | D:12     | Noticed a centaur warrior
 12321 | D:12     | Noticed a two-headed ogre
 12328 | D:12     | Killed a centaur warrior
 12335 | D:12     | Killed a two-headed ogre
 12337 | D:12     | Noticed a sphinx
 12346 | D:12     | Killed a sphinx
 12346 | D:12     | Reached ****** piety under Okawaru
 12376 | D:12     | Noticed a deep troll earth mage
 12392 | D:12     | Killed a deep troll earth mage
 12599 | D:12     | Noticed an ettin
 12599 | D:12     | Noticed a two-headed ogre
 12605 | D:12     | Killed an ettin
 12605 | D:12     | Reached skill level 18 in Axes
 12618 | D:12     | Killed a two-headed ogre
 12622 | D:12     | Identified the Handbook of the Entourage and the Glacier
 12624 | D:12     | Identified the Almanac of Scorching Feathers
 12682 | D:12     | Found a staircase to the Orcish Mines.
 12707 | D:12     | Received a gift from Okawaru
 12707 | D:12     | Reached XP level 13. HP: 24/116 MP: 17/17
 12710 | D:12     | Got a dazzling halberd {god gift}
 13611 | D:13     | Found a sacrificial altar of Ru.
 13803 | D:13     | Found a stormy altar of Qazlal.
 13921 | Lair:1   | Entered Level 1 of the Lair of Beasts
 14189 | Lair:1   | Received a gift from Okawaru
 14404 | Lair:1   | Identified the +10 halberd of Icaen {chop, Str+2 Dex+3
                  | SInv} (Okawaru gifted it to you on level 12 of the Dungeon)
 14525 | Lair:1   | Noticed Sonja
 14537 | Lair:1   | Cast into level 2 of the Abyss (Sonja)
 14537 | Abyss:2  | Found a corrupted altar of Lugonu.
 14565 | Abyss:2  | Noticed a tentacled starspawn
 14570 | Abyss:2  | Killed a tentacled starspawn
 14570 | Abyss:2  | Reached skill level 19 in Axes
 14889 | Abyss:2  | Noticed a tentacled starspawn
 14920 | Abyss:2  | Noticed a green death
 15129 | Abyss:2  | Noticed a cacodemon
 15135 | Abyss:2  | Received a gift from Okawaru
 15136 | Abyss:2  | Got a pair of steaming gloves {god gift}
 15144 | Abyss:2  | HP: 5/116 [raiju/living lightning (18)]
 15146 | Abyss:2  | Gained mutation: Your magical capacity is low. (-10% MP) [a
                  | cacodemon]
 15147 | Abyss:2  | Gained mutation: Your body sometimes deteriorates upon
                  | taking damage. [a cacodemon]
 15148 | Abyss:2  | Killed a cacodemon
 15149 | Abyss:2  | Slain by an orange demon

Skill      XL: |  1  2  3  4  5  6  7  8  9 10 11 12 13 |
---------------+----------------------------------------+-----
Axes           | 3 4 5 6 9 11 13 15 16 18 19 | 19.5
Fighting       | 4 5 7 8 10 11 | 11.0
Evocations     | 1 2 3 5 7 8 |  8.6
Armour         | 4 7 |  7.0
Dodging        | 5 7 9 |  9.5
Shields        | |  3.6

Action                   |  1- 3 |  4- 6 |  7- 9 | 10-12 | 13-15 || total
-------------------------+-------+-------+-------+-------+-------++-------
Melee: War axe           |    62 |   181 |   249 |    56 |       ||   548
       Headbutt          |    10 |    26 |    35 |    85 |    35 ||   191
       Battleaxe         |       |       |       |   338 |   152 ||   490
       Scimitar          |       |       |       |       |     6 ||     6
 Abil: Evoke Berserk Rag |       |       |     2 |     1 |       ||     3
Evoke: Wand              |       |       |     1 |     8 |       ||     9
  Use: Potion            |     1 |     1 |       |     3 |     6 ||    11
       Scroll            |       |     9 |     1 |    16 |     3 ||    29
 Stab: Confused          |       |       |       |     2 |       ||     2
  Eat: Chunk             |       |     7 |     9 |    14 |     5 ||    35
       Ration            |       |       |     1 |     2 |     1 ||     4
Armor: Scale mail        |    31 |    73 |    75 |       |       ||   179
       Chain mail        |       |       |    25 |   165 |    71 ||   261
Dodge: Dodged            |    28 |    46 |    57 |   123 |    97 ||   351
Block: Shield            |    40 |    73 |   106 |    20 |       ||   239
       Rpst.: Scimitar   |       |       |       |       |     1 ||     1
